 Dungeon Crawl Stone Soup version 0.29-a0-541-gaf1fc19f1b (webtiles) character file.

Game seed: 6969797098466175896

3 Zeld the Insei (level 1, 15/16 HPs)
             Began as a Meteoran Transmuter on June 3, 2022.
             Quit the game on level 1 of the Dungeon.
             The game lasted 00:00:17 (389 turns).

Zeld the Insei (Meteoran Transmuter)                 Turns: 389, Time: 00:00:18

Health: 15/16      AC:  2    Str: 11    XL:     1   Next: 71%
Magic:  4/5        EV:  9    Int: 14    God:
Gold:   0          SH:  0    Dex: 14    Spells: 4/5 levels left

rFire   . . .      SeeInvis .     - Unarmed
rCold   . . .      Faith    .   (no shield)
rNeg    . . .      Spirit   .   a - +0 robe
rPois   .          Reflect  .   (helmet currently unavailable)
rElec   .          Harm     .   (no cloak)
rCorr   .          Rampage  .   (no gloves)
Will    .....                   (boots currently unavailable)
Stlth   +.........              (no amulet)
HPRegen 0.05/turn               (no ring)
MPRegen 0.09/turn               (no ring)

@: appendages (expiring), glowing, constricted
A: horns 2, talons 2, sense surroundings 1, otherworldly, glowing, explore regen
a: End Transformation


You were on level 1 of the Dungeon.
You had temporarily grown beastly horns and talons.
You visited 1 branch of the dungeon, and saw 1 of its levels.

Inventory:

Armour
 a - a +0 robe (worn)
Potions
 b - a potion of lignification


   Skills:
 + Level 1.2 Fighting
 + Level 2.5 Dodging
 + Level 3.7 Unarmed Combat
 + Level 2.7 Spellcasting
 + Level 2.5 Transmutations


You had 4 spell levels left.
You knew the following spells:

 Your Spells              Type           Power      Damage    Failure   Level
a - Beastly Appendage     Tmut           16%        N/A       8%          1

Your spell library contained the following spells:

 Spells                   Type           Power      Damage    Failure   Level
 Wereblood                Tmut           8%         N/A       12%         2
 Spider Form              Tmut/Pois      5%         N/A       36%         3
 Ice Form                 Ice/Tmut       5%         N/A       78%         4


Dungeon Overview and Level Annotations

Branches:
Dungeon (1/15)

Altars:


Innate Abilities, Weirdness & Mutations

You have temporarily grown beastly horns and talons.
You passively map a small area around you.
You are easily found by Zot.
You glow in the dark.
You regain HP and MP as you explore.


Message History

The quokka bites you.
You hit the quokka but do no damage.
The quokka is almost dead.
The quokka bites you but does no damage.
A quokka is nearby!
You closely miss the quokka.
The quokka is almost dead.
The quokka bites you.
A quokka is nearby!
Casting: Beastly Appendage (safe; 9% risk of failure)
Confirm with . or Enter, or press ? or * to list all spells.
You grow a pair of large bovine horns.
Your feet morph into talons.
The quokka closely misses you. The quokka bites you.
* * * LOW HITPOINT WARNING * * *
You hit the quokka.
You kill the quokka!
You are too injured to fight recklessly!
You see here a quokka corpse.
You are too injured to fight recklessly!
Your transformation is almost over.
Your horns disappear.
Your talons disappear.
Key pressed, stopping explore.
You open the door.
A ball python comes into view.
A ball python is nearby!
A ball python is nearby!
There is an open door here.
You hit the ball python.
The ball python is moderately wounded.
The ball python closely misses you. The ball python grabs you.
The ball python constricts you.
Casting: Beastly Appendage (safe; 8% risk of failure)
Confirm with . or Enter, or press ? or * to list all spells.
You grow a pair of large bovine horns.
Your feet morph into talons.
The ball python closely misses you. The ball python constricts you.
You barely miss the ball python. Your kick misses the ball python.
The ball python is moderately wounded.
Your transformation is almost over.
The ball python bites you. The ball python constricts you.
Are you sure you want to abandon this character and quit the game? (Confirm with "yes".)

** #.##.#.#### ###
,, #.##.#.# *, ,
#......# * ####'###
, , ##...## * *
##.....## , #
##..รท....## *
#...####.........#
,,
......S@.........+,
_^
#...####.........#
, # ##.......## *
##.....## * ##...##
##+## * , * * * ,


You could see a ball python.

Vanquished Creatures
  A goblin (D:1)
  A quokka (D:1)
  A frilled lizard (D:1)
3 creatures vanquished.

Notes
Turn   | Place    | Note
-------+----------+-------------------------------------------
     0 | D:1      | Zeld the Meteoran Transmuter began the quest for the Orb.
     0 | D:1      | Reached XP level 1. HP: 16/16 MP: 5/5
   389 | D:1      | Quit the game

Illustrated notes

Levels and vault maps discovered:
D:1:      dpeg_arrival_signposts, layout_loops_corners,
          ebering_ecumenical_altar_webs, serial_forest, infiniplex_forest_end_2,
          infiniplex_forest_lined_room_2, infiniplex_forest_lined_1,
          infiniplex_forest_corner_1, infiniplex_forest_straight_2,
          infiniplex_forest_clump_long, kennysheep_pointless_box,
          minmay_misc_feat_cross

Action                   || total
-------------------------++-------
Melee: Unarmed           ||    11
       Kick              ||     1
       Punch             ||     1
 Cast: Beastly Appendage ||     8
Armor: Robe              ||     1
Dodge: Dodged            ||     4

Table legend: (Time is in decaauts)
 A = Elapsed time spent in this place.
 B = Non-inter-level travel time spent in this place.
 C = Inter-level travel time spent in this place.
 D = Time resting spent in this place.
 E = Time spent auto-exploring this place.
 F = Levels seen in this place.
 G = Mean time per level.
                   A        B        C        D        E       F      G
               +--------+--------+--------+--------+--------+-----+--------+
         Total |    388 |    388 |      0 |      0 |    357 |   1 |  388.0 |
       Dungeon |    388 |    388 |      0 |      0 |    357 |   1 |  388.0 |
               +--------+--------+--------+--------+--------+-----+--------+

Top non-repeatable levels by time:
     D:1: 388 daAuts
